 Dungeon Crawl Stone Soup version 0.30-a0-297-g0ec75d9ef4 (webtiles) character file.

Game seed: 8894212146384482396

122 pokeman the Magician (level 4, 0/25 HPs)
             Began as a Deep Elf Hedge Wizard on Oct 18, 2022.
             Killed by nerve-wracking pain
             ... invoked by Grinder
              (11 damage)
             ... while paralysed by Grinder
             ... on level 3 of the Dungeon.
             The game lasted 00:06:43 (2280 turns).

pokeman the Magician (Deep Elf Hedge Wizard)        Turns: 2280, Time: 00:06:43

Health: 0/25       AC:  4    Str:  7    XL:     4   Next: 78%
Magic:  11/13      EV:  2    Int: 21    God:
Gold:   98         SH:  0    Dex: 14    Spells: 6/14 levels left

rFire   . . .      SeeInvis .    h - +0 sling
rCold   . . .      Faith    .    (no shield)
rNeg    . . .      Spirit   .    t - +0 leather armour
rPois   .          Reflect  .    c - +0 hat
rElec   .          Harm     .    (no cloak)
rCorr   .          Rampage  .    (no gloves)
Will    .....                    p - +0 pair of boots
Stlth   ++........               q - amulet of magic regeneration
HPRegen 0.24/turn                (no ring)
MPRegen 0.53/turn                (no ring)

@: paralysed
A: no striking features
a: no special abilities


You were on level 3 of the Dungeon.
You visited 1 branch of the dungeon, and saw 3 of its levels.

You collected 98 gold pieces.

Inventory:

Hand Weapons
 h - a +0 sling (weapon)
Missiles
 f - 5 poisoned darts
Armour
 c - a +0 hat (worn)
 i - a +0 kite shield
 p - a +0 pair of boots (worn)
 t - a +0 leather armour (worn)
Magical Staves
 a - a staff of cold
Jewellery
 m - an amulet of the acrobat
 q - an amulet of magic regeneration (around neck)
Scrolls
 e - 2 scrolls of magic mapping {unknown}
 j - a scroll of teleportation {unknown}
 k - 2 scrolls of identify {unknown}
 n - a scroll of fear {unknown}
 o - 3 scrolls of vulnerability {unknown}
Potions
 d - a potion of magic
 g - a potion of curing {unknown}
 l - a potion of lignification {unknown}
 r - a potion of degeneration {unknown}
 s - a potion of flight {unknown}


   Skills:
 - Level 1.0 Fighting
 - Level 1.0 Armour
 + Level 2.9 Dodging
 - Level 2.4 Stealth
 + Level 0.7 Shields
 * Level 5.9 Spellcasting
 + Level 2.3 Conjurations
 - Level 1.1 Summonings
 - Level 1.1 Translocations


You had 6 spell levels left.
You knew the following spells:

 Your Spells              Type           Power      Damage    Failure   Level
a - Magic Dart            Conj           64%        1d6       5%          1
b - Mephitic Cloud        Conj/Pois/Air  9%         N/A       30%         3
c - Call Imp              Summ           10%        N/A       14%         2
d - Blink                 Tloc           20%        N/A       14%         2

Your spell library contained the following spells:

 Spells                   Type           Power      Damage    Failure   Level
 Slow                     Hex            24%        N/A       14%         1
 Cigotuvi's Dreadful Rot  Necr/Pois/Air  12%        N/A       22%         2


Dungeon Overview and Level Annotations

Branches:
Dungeon (3/15)

Altars:
Hepliaklqana

Annotations:
D:3 Grinder


Message History

Casting: Magic Dart (safe; 5% risk of failure)
Confirm with . or Enter, or press ? or * to list all spells.
Aiming: Magic Dart (safe; 5% risk of failure)
Press: ? - help, Shift-Dir - straight line, f/p - Grinder
Aim: Grinder (severely wounded, 100% to hit)
The magic dart hits Grinder.
Grinder is severely wounded.
Casting: Magic Dart (safe; 5% risk of failure)
Confirm with . or Enter, or press ? or * to list all spells.
Aiming: Magic Dart (safe; 5% risk of failure)
Press: ? - help, Shift-Dir - straight line, f/p - Grinder
Aim: Grinder (severely wounded, 100% to hit)
The magic dart hits Grinder.
Grinder is severely wounded.
Casting: Magic Dart (safe; 5% risk of failure)
Confirm with . or Enter, or press ? or * to list all spells.
Aiming: Magic Dart (safe; 5% risk of failure)
Press: ? - help, Shift-Dir - straight line, f/p - Grinder
Aim: Grinder (severely wounded, 100% to hit)
The magic dart hits Grinder but does no damage.
Grinder is severely wounded.
Grinder gestures at you. You resist with significant effort.
Casting: Magic Dart (safe; 5% risk of failure)
Confirm with . or Enter, or press ? or * to list all spells.
You blink.
Unknown command.
Casting: Blink (safe; 14% risk of failure)
Confirm with . or Enter, or press ? or * to list all spells.
Aiming: Magic Dart (safe; 5% risk of failure)
Press: ? - help, Shift-Dir - straight line, f/p - Grinder
Aim: Grinder (severely wounded, 100% to hit)
The magic dart hits Grinder.
Grinder is severely wounded.
Grinder gestures at you.
You suddenly lose the ability to move!
You feel stable enough to blink again. Grinder gestures at you.
Pain shoots through your body!
You die...

..###......# #.#
..###......# #.#
...##......# #[#
...........# #.#
...##..##### #.#
...###..########.#
.................#
...........#####.#
...........# #.#@##########
...........###...5........#
............##.#)#######.##
...###...#..##...# #.# ...
#...#..##.### #)# ..
#...#..#..# #.# #...#.....#
#.# #......>#.# #.#
##+##.###.# #.#


You could see Grinder.

Vanquished Creatures
  4 gnolls (D:3)
  4 adders (D:2)
  A worm (D:2)
  4 dart slugs
  3 ball pythons
  3 endoplasms
  2 giant cockroaches
  5 goblins
  3 hobgoblins
  3 kobolds
  4 bats
  2 frilled lizards (D:1)
  2 rats
40 creatures vanquished.

Notes
Turn   | Place    | Note
-------+----------+-------------------------------------------
     0 | D:1      | pokeman the Deep Elf Hedge Wizard began the quest for the
                  | Orb.
     0 | D:1      | Reached XP level 1. HP: 10/10 MP: 7/7
   365 | D:1      | Found a faded altar of an unknown god.
   395 | D:1      | Reached XP level 2. HP: 16/16 MP: 6/9
  1005 | D:2      | Reached skill level 5 in Spellcasting
  1005 | D:2      | Reached XP level 3. HP: 20/20 MP: 5/11
  1009 | D:2      | Learned a level 3 spell: Mephitic Cloud
  1012 | D:2      | Learned a level 2 spell: Call Imp
  1015 | D:2      | Learned a level 2 spell: Blink
  1177 | D:2      | Reached skill level 1 in Fighting
  1177 | D:2      | Reached skill level 1 in Armour
  1406 | D:2      | Reached XP level 4. HP: 20/25 MP: 8/13
  1798 | D:3      | Noticed Grinder
  1860 | D:3      | Found a hazy altar of Hepliaklqana.
  2246 | D:3      | Paralysed by Grinder for 5 turns
  2276 | D:3      | Paralysed by Grinder for 5 turns
  2280 | D:3      | Killed from afar by Grinder

Illustrated notes

Levels and vault maps discovered:
D:1:      roderic_lyre, layout_basic, ebering_ecumenical_altar_rust,
          serial_park_tiny_1
D:2:      layout_rooms
D:3:      layout_basic, worldfamousw_hep_ancestral_shrine, uniq_grinder

Skill      XL: |  1  2  3 |
---------------+----------+-----
Spellcasting   | 5 |  5.9
Fighting       | 1 |  1.0
Armour         | 1 |  1.0
Conjurations   | 2 |  2.3
Dodging        | |  2.9
Stealth        | |  2.4
Shields        | |  0.7
Summonings     | |  1.1
Translocations | |  1.1

Action                   |  1- 3 |  4- 6 || total
-------------------------+-------+-------++-------
 Fire: Sling             |    38 |    37 ||    75
Throw: Dart              |     7 |       ||     7
 Cast: Magic Dart        |    41 |    18 ||    59
       Call Imp          |       |     3 ||     3
       Mephitic Cloud    |       |     2 ||     2
       Blink             |       |     2 ||     2
Armor: Robe              |     8 |     2 ||    10
Dodge: Dodged            |     9 |     8 ||    17

Table legend: (Time is in decaauts)
 A = Elapsed time spent in this place.
 B = Non-inter-level travel time spent in this place.
 C = Inter-level travel time spent in this place.
 D = Time resting spent in this place.
 E = Time spent auto-exploring this place.
 F = Levels seen in this place.
 G = Mean time per level.
                   A        B        C        D        E       F      G
               +--------+--------+--------+--------+--------+-----+--------+
         Total |   2308 |   2244 |     64 |      2 |   1845 |   3 |  769.3 |
       Dungeon |   2308 |   2244 |     64 |      2 |   1845 |   3 |  769.3 |
               +--------+--------+--------+--------+--------+-----+--------+

Top non-repeatable levels by time:
     D:1: 1005 daAuts
     D:2: 802 daAuts
     D:3: 501 daAuts
